 Dungeon Crawl Stone Soup version 0.23.2-33-g5129a83184 (webtiles) character file.

Game seed: 9506402425001655169

384 Descartes the Ruffian (level 6, -5/30 HPs)
             Began as a Vine Stalker Transmuter on July 27, 2019.
             Shot with an arrow by a centaur (9 damage)
             ... on level 5 of the Dungeon.
             The game lasted 00:09:23 (4204 turns).

Descartes the Ruffian (Vine Stalker Transmuter)     Turns: 4204, Time: 00:09:23

Health: -5/30      AC:  2    Str: 15    XL:     6   Next: 77%
Magic:  0/11       EV: 13    Int: 13    God:
Gold:   372        SH:  0    Dex: 14    Spells: 3/11 levels left

rFire    x . .     SeeInvis .   b - +3 hunting sling
rCold    + . .     Gourm    .   (no shield)
rNeg     . . .     Faith    .   d - +0 robe
rPois    .         Spirit   +   (no helmet)
rElec    .         Reflect  .   (no cloak)
rCorr    .         Harm     .   (no gloves)
MR       .....                  (no boots)
Stlth    ++........             y - amulet of regeneration
HPRegen  0.90/turn              o - ring of ice
MPRegen  0.12/turn              u - ring of flight

@: no status effects
A: fangs 2, regeneration 1, magic shield, antimagic bite, no potion heal 3, rot
immunity
a: Evoke Flight


You were on level 5 of the Dungeon.
You were not hungry.

You visited 1 branch of the dungeon, and saw 5 of its levels.
You also visited: Sewer.

You collected 372 gold pieces.

Inventory:

Hand Weapons
 b - a +3 hunting sling (weapon)
Missiles
 a - 73 arrows
 e - 20 bolts
 g - 27 poisoned needles
 j - 209 stones (quivered)
 w - 3 large rocks
 z - 5 javelins
Armour
 d - a +0 robe (worn)
Jewellery
 o - a ring of ice (left hand)
 u - a ring of flight (right hand)
 y - an amulet of regeneration (around neck)
 B - an uncursed ring of poison resistance {unknown}
Wands
 c - a wand of enslavement (9)
Scrolls
 f - 8 scrolls of identify {unknown}
 k - 4 scrolls of teleportation {unknown}
 l - 5 scrolls of remove curse {unknown}
 q - 2 scrolls of enchant weapon {unknown}
 t - a scroll of enchant armour {unknown}
 D - a scroll of noise {unknown}
Potions
 h - a potion of lignification {unknown}
 i - 3 potions of haste {unknown}
 m - 2 potions of heal wounds {unknown}
 n - 3 potions of brilliance {unknown}
 p - 2 potions of ambrosia {unknown}
 r - 2 potions of curing {unknown}
 v - a potion of agility {unknown}
 x - a potion of cancellation {unknown}
 A - 4 potions of might {unknown}
Comestibles
 C - 3 chunks of flesh
 E - 6 rations


   Skills:
 + Level 2.1 Fighting
 + Level 1.0 Armour
 + Level 2.4 Dodging
 + Level 2.5 Stealth
 * Level 4.3 Unarmed Combat
 + Level 3.0 Spellcasting
 * Level 3.8 Transmutations


You had 3 spell levels left.
You knew the following spells:

 Your Spells              Type           Power        Failure   Level  Hunger
a - Beastly Appendage     Tmut           ##....       4%          1    #......
b - Sticks to Snakes      Tmut           ##......     7%          2    ###....
c - Blade Hands           Tmut           ##........   78%         5    ######.

Your spell library contained the following spells:

 Spells                   Type           Power        Failure   Level  Hunger
 Spider Form              Tmut/Pois      #.........   30%         3    ###....
 Ice Form                 Ice/Tmut       ##......     71%         4    #####..


Dungeon Overview and Level Annotations

Branches:
Dungeon (5/15)
 Temple: D:4-7

Altars:
Nemelex Xobeh
Xom
Yredelemnul


Innate Abilities, Weirdness & Mutations

You have extremely sharp teeth.
Your natural rate of healing is unusually fast.
When hurt, damage is shared between your health and your magic reserves.
Your bite disrupts and absorbs the magic of your enemies.
Potions cannot restore your health.
You are immune to rotting.


Message History

The centaur shoots an arrow.
The arrow hits you!
You see here an arrow.
The centaur shoots an arrow.
The arrow hits you.
The centaur shoots an arrow.
The arrow barely misses you.
You see here 2 arrows.
The centaur shoots an arrow.
The arrow closely misses you.
You see here an arrow.
The centaur shoots an arrow.
The arrow hits you.
You see here an arrow.
The centaur shoots an arrow.
The arrow completely misses you.
You see here an arrow.
The centaur shoots an arrow.
The arrow misses you.
A quokka comes into view.
You see here an arrow.
The centaur shoots an arrow.
The arrow hits you!
* * * LOW HITPOINT WARNING * * *
The centaur shoots an arrow.
The arrow barely misses you.
You see here an arrow.
The centaur shoots an arrow.
The arrow hits you!
You die...

###########
########.........#
#........#######.#
#.######## #.# #.# #@# #.#
##(## ##### #.##
##..(#####...# ...#####
#....((..(((.#
.#...<.#######.......##.#(#
....###..............##.#.#
#..## ##.#...........##.#.#
..## ##..##........c.....
..#######..##..............


You could see a centaur.

Vanquished Creatures
  A scorpion (D:4)
  A jelly (D:5)
  A bullfrog skeleton (D:5)
  A hound (D:5)
  2 worker ants (D:4)
  5 adders
  4 river rats (Sewer)
  A shadow imp (D:5)
  An ooze (D:1)
  An adder skeleton (D:5)
  A worm (D:4)
  A dart slug (D:1)
  2 leopard geckos
  An orc (D:3)
  3 ball pythons
  11 giant cockroaches
  8 goblins
  4 hobgoblins (D:1)
  9 jackals
  6 kobolds
  A quokka (D:3)
  9 bats
  12 frilled lizards
  2 quokka skeletons (D:4)
  16 rats
104 creatures vanquished.

Notes
Turn   | Place    | Note
-------+----------+-------------------------------------------
     0 | D:1      | Descartes the Vine Stalker Transmuter began the quest for
                  | the Orb.
     0 | D:1      | Reached XP level 1. HP: 9/9 MP: 4/4
    75 | D:1      | Reached skill level 1 in Fighting
    75 | D:1      | Reached XP level 2. HP: 1/14 MP: 0/6
   892 | D:1      | Reached XP level 3. HP: 13/18 MP: 5/7
   969 | D:1      | Reached skill level 1 in Stealth
  1631 | D:2      | Found a faded altar of an unknown god.
  2127 | D:3      | Gained mutation: Your natural rate of healing is unusually
                  | fast. [Vine Stalker growth]
  2127 | D:3      | Reached XP level 4. HP: 17/22 MP: 5/8
  2131 | D:3      | Learned a level 2 spell: Sticks to Snakes
  2257 | D:3      | Found a sparkling altar of Nemelex Xobeh.
  2759 | D:4      | Found a basalt altar of Yredelemnul.
  2760 | D:4      | Found a shimmering altar of Xom.
  2884 | D:4      | Found a glowing drain.
  2972 | Sewer    | Entered a sewer
  3090 | Sewer    | Reached XP level 5. HP: 26/26 MP: 9/9
  3816 | D:4      | Learned a level 5 spell: Blade Hands
  3877 | D:5      | Entered Level 5 of the Dungeon
  3886 | D:4      | Reached skill level 4 in Unarmed Combat
  3886 | D:4      | Reached XP level 6. HP: 25/30 MP: 8/11
  4049 | D:5      | Reached skill level 1 in Armour
  4204 | D:5      | Shot with an arrow by a centaur

Skill      XL: |  1  2  3  4  5  6 |
---------------+-------------------+-----
Fighting       | 1 2 |  2.1
Stealth        | 1 2 |  2.5
Dodging        | 2 |  2.4
Transmutations | 3 |  3.8
Unarmed Combat | 4 |  4.3
Armour         | 1 |  1.0
Spellcasting   | 3 |  3.0

Action                   |  1- 3 |  4- 6 || total
-------------------------+-------+-------++-------
Melee: Unarmed           |   136 |   186 ||   322
       Bite              |    31 |    47 ||    78
       Punch             |     4 |     3 ||     7
       Kick              |     7 |     9 ||    16
       Headbutt          |     2 |    11 ||    13
 Fire: Hunting sling     |       |     1 ||     1
 Cast: Beastly Appendage |    14 |    26 ||    40
 Stab: Sleeping          |     3 |    10 ||    13
  Eat: Chunk             |     4 |     7 ||    11
Armor: Robe              |    27 |    24 ||    51
Dodge: Dodged            |   102 |   103 ||   205
